 Dungeon Crawl Stone Soup version 0.30-b1-2-g02819fbbbe (webtiles) character file.

Game seed: 4392457982859073916

14156 GnoME the Grappler (level 11, 0/163 HPs)
             Began as a Troll Artificer on May 3, 2023.
             Was a Priest of Makhleb.
             Slain by a sun demon (15 damage)
             ... in a volcano.
             The game lasted 00:40:06 (10474 turns).

GnoME the Grappler (Troll Artificer)               Turns: 10474, Time: 00:40:06

Health: 0/163      AC:  9    Str: 26    XL:     11   Next: 85%
Magic:  10/10      EV: 11    Int:  7    God:    Makhleb [***...]
Gold:   520        SH:  5    Dex: 10    Spells: 10/10 levels left

rFire   . .          .
                       - Unarmed
rCold   . . .        (no shield)
rNeg    . . .        N - +0 troll leather armour
rPois   +            w - +2 hat {Stlth+}
rElec   .            K - +0 cloak {rPois}
rCorr   .            (gloves unavailable)
SInv    .            (boots unavailable)
Will    .....        r - amulet of reflection Stlth
                     J - ring of wizardry
HPRegen 2.07/turn    (no ring)
MPRegen 0.12/turn

%: reflection, wizardry (x1)
@: berserking, very quick
A: large, unfitting armour, claws 3, regeneration 1, shaggy fur 1, tough skin 1
a: Renounce Religion, Minor Destruction, Lesser Servant of Makhleb


You were in a volcano.
You worshipped Makhleb.
Makhleb was most pleased with you.
You visited 3 branches of the dungeon, and saw 14 of its levels.
You also visited: Sewer and Volcano.

You collected 802 gold pieces.
You spent 282 gold pieces at shops.

Inventory:

Hand Weapons
 f - a +0 sling
 s - the +5 shortbow of Delightful Duty {freeze, rF++ rN+ Str+2}
   (You found it in a sewer)

   Str:       It affects your strength (+2).
   rF:        It greatly protects you from fire.
   rN:        It protects you from negative energy.
 L - a +2 heavy flail
Missiles
 k - 162 stones
 B - 3 throwing nets
 I - 19 poisoned darts
 T - 5 atropa-tipped darts
Armour
 l - a +0 tower shield
 w - a +2 hat of stealth (worn)
 G - a +2 robe of willpower
 K - a +0 cloak of poison resistance (worn)
 N - a +0 troll leather armour (worn)
 U - +0 steam dragon scales
Magical Staves
 M - the staff of cold "Vinlaad" {rC+ rCorr Str+4 Int+2 SInv}
   (You found it on level 8 of the Dungeon)

   [staff of cold]

   Base accuracy: +5 Base damage: 5 Base attack delay: 1.2 This weapon's minimum
   attack delay (0.6) is reached at skill level 12.
   Str:       It affects your strength (+4).
   Int:       It affects your intelligence (+2).
   rC:        It protects you from cold.
   SInv:      It lets you see invisible.
   rCorr:     It protects you from acid and corrosion.
   It falls into the 'Staves' category.
   It is a one-clawed weapon.
Jewellery
 r - an amulet of reflection (around neck)
 J - a ring of wizardry (left claw)
Wands
 c - a wand of flame (25) (quivered)
 d - a wand of charming (15)
 e - a wand of iceblast (3)
 g - a wand of paralysis (2)
 y - a wand of mindburst (11)
 E - a wand of roots (9)
 O - a wand of digging (11)
Scrolls
 b - 2 scrolls of immolation
 h - a scroll of magic mapping {unknown}
 i - 2 scrolls of amnesia
 n - a scroll of fear {unknown}
 o - a scroll of summoning {unknown}
 p - 3 scrolls of teleportation
 q - 3 scrolls of fog
 t - 3 scrolls of blinking
 u - 4 scrolls of brand weapon {unknown}
 A - a scroll of torment {unknown}
 H - 4 scrolls of poison {unknown}
 P - a scroll of enchant weapon {unknown}
Potions
 j - 11 potions of curing
 m - 2 potions of berserk rage
 v - 3 potions of lignification
 x - a potion of invisibility {unknown}
 z - a potion of flight {unknown}
 C - a potion of might {unknown}
 D - 2 potions of attraction {unknown}
 F - 2 potions of brilliance {unknown}
 Q - a potion of haste
 S - a potion of resistance {unknown}


   Skills:
 * Level 7.2 Fighting
 - Level 0.5 Throwing
 + Level 6.3 Dodging
 + Level 2.5 Stealth
 - Level 2.7 Shields
 + Level 14.6 Unarmed Combat
 - Level 2.1 Evocations


You had 10 spell levels left.
You didn't know any spells.
Your spell library contained the following spells:

 Spells                   Type           Power      Damage    Failure   Level
 Apportation              Tloc           0%         N/A       21%         1
 Blink                    Tloc           0%         N/A       32%         2
 Lesser Beckoning         Tloc           0%         N/A       32%         2
 Momentum Strike          Conj/Tloc      0%         3d8       32%         2
 Gell's Gravitas          Tloc           0%         N/A       52%         3
 Portal Projectile        Hex/Tloc       0%         N/A       52%         3
 Teleport Other           Tloc           0%         N/A       52%         3
 Tukima's Dance           Hex            0%         N/A       52%         3
 Vhi's Electric Charge    Tloc/Air       0%         N/A       52%         3
 Alistair's Intoxication  Tmut/Pois      0%         N/A       99%         5
 Arcjolt                  Conj/Air       0%         1d10      99%         5
 Blade Hands              Tmut           0%         N/A       99%         5
 Dispersal                Tloc           0%         N/A       100%        6
 Plasma Beam              Fire/Air       0%         2x1d11    100%        6
 Maxwell's Capacitive Co  Air            0%         ∞         100%        8


Dungeon Overview and Level Annotations

Branches:
Dungeon (11/15)            Temple (1/1) D:6            Lair (2/5) D:8
  Snake (0/4) Lair:2          Orc (0/2) D:11          Sewer (visited)
Volcano (1/1)
  Swamp: Lair:2-3    Shoals: Lair:2-3

Altars:
Ashenzari
Cheibriados
Dithmenos
Elyvilon
Fedhas
Gozag
Hepliaklqana
Kikubaaqudgha
Makhleb
Nemelex Xobeh
Okawaru
Ru
Sif Muna
Trog
Uskayaw
Vehumet
Wu Jian
Xom
Yredelemnul
Zin
The Shining One

Shops:
D:4 [   D:5 *   D:6 ?*[=   D:8 !

Annotations:
D:8 4 runed translucent doors


Innate Abilities, Weirdness & Mutations

You are too large for most types of armour.
You have claws for hands.
Your natural rate of healing is unusually fast.
You are covered in fur. (AC +1)
You have tough skin. (AC +1)


Message History

You feel better.
You start resting.
A sun demon comes into view.
Aiming: Iceblast
Press: ? - help, Shift-Dir - straight line, f - sun demon
Aim: a sun demon (black smoke, wandering, hasn't noticed you)
The mass of ice explodes!
The iceblast engulfs the sun demon!
The sun demon is frozen!
The sun demon is moderately wounded.
Aiming: Iceblast
Press: ? - help, Shift-Dir - straight line, p - sun demon The mass of ice explodes!
The iceblast engulfs the sun demon!
The sun demon is frozen!
The sun demon is heavily wounded.
The sun demon hits you!
You are engulfed in flames!
You barely miss the sun demon.
The sun demon is heavily wounded.
The sun demon barely misses you.
You claw the sun demon!
The sun demon is severely wounded.
The sun demon closely misses you.
You closely miss the sun demon.
You claw the sun demon, but do no damage.
The sun demon is severely wounded.
You block the sun demon's attack.
You scratch the sun demon but do no damage.
The sun demon is severely wounded.
The sun demon hits you!!
You are engulfed in flames!
* * * LOW HITPOINT WARNING * * *
A red film seems to cover your vision as you go berserk!
You feel yourself moving faster!
You feel mighty! The sun demon hits you!
* * * LOW HITPOINT WARNING * * *
You are engulfed in flames!!
* * * LOW HITPOINT WARNING * * *
You closely miss the sun demon.
The sun demon is severely wounded.
You barely miss the sun demon.
The sun demon is severely wounded.
The sun demon hits you!
You die...

###.†...≈........#
#.............##
##............##
#≈.............#
##......≈.......#
##.§...###......## (
#.§...## ##......## .3
#.§§..### ##......## .§.
#§.@...≈## #.......#
§.§.#######3.##≈# #≈......#
#.§....3§..§..§.###§......#
#.....#§..#.§...#.......##
#.....§§#.§..§.§.....##
###......§§§§§......##
###.#§§..#.###..###
########## ####


You could see a sun demon.

Vanquished Creatures
  3 sun demons (Volcano)
  A manticore (D:11)
  Maurice (D:9)
  2 smoke demons (Volcano)
  2 cane toads
  A gargoyle (D:10)
  An unseen horror (D:8)
  3 komodo dragons
  A queen bee (D:9)
  A polar bear (Lair:2)
  Sigmund (D:3)
  2 wraiths (D:10)
  13 yaks
  3 fire bats (Lair:2)
  6 steam dragons
  2 vampire mosquitoes (D:11)
  A naga (Lair:2)
  7 water moccasins
  A sky beast (D:7)
  5 orc warriors
  An ice beast (D:5)
  An ogre (D:5)
  6 wolves (Lair:2)
  A centaur (D:9)
  A phantom (D:3)
  3 kobold brigands
  8 bullfrogs
  A gnoll sergeant (D:4)
  A scorpion (D:4)
  8 wights
  12 killer bees (D:9)
  4 howler monkeys
  A jelly (D:5)
  3 sleepcaps
  6 orc priests
  2 hounds (D:5)
  2 iguanas
  10 orc wizards
  11 adders
  11 gnolls
  3 white imps
  4 worms
  33 orcs
  13 ball pythons
  6 bats
  16 endoplasms
  10 giant cockroaches
  7 goblins
  8 hobgoblins
  5 jackals
  24 kobolds
  16 quokkas
  10 frilled lizards
  7 rats
312 creatures vanquished.

Vanquished Creatures (others)
  A black bear (D:6)
  2 scorpions (D:6)
  2 gnoll boudas (D:6)
  A hound (D:6)
  An adder (D:6)
  An ufetubus (D:6)
  An orc (D:6)
  2 fungi (Lair:2)
  35 plants
46 creatures vanquished.

Grand Total: 358 creatures vanquished

Notes
Turn   | Place    | Note
-------+----------+-------------------------------------------
     0 | D:1      | GnoME the Troll Artificer began the quest for the Orb.
     0 | D:1      | Reached XP level 1. HP: 18/18 MP: 0/0
    24 | D:1      | Found a faded altar of an unknown god.
    40 | D:1      | Reached skill level 1 in Fighting
   118 | D:1      | Reached XP level 2. HP: 20/27 MP: 1/1
   160 | D:1      | Reached skill level 1 in Unarmed Combat
   524 | D:1      | Reached XP level 3. HP: 33/33 MP: 2/2
   677 | D:2      | Reached skill level 2 in Unarmed Combat
   789 | D:2      | Reached XP level 4. HP: 40/41 MP: 3/3
  1174 | D:3      | Noticed a phantom
  1187 | D:3      | Killed a phantom
  1188 | D:3      | Reached skill level 3 in Unarmed Combat
  1188 | D:3      | Reached XP level 5. HP: 49/49 MP: 4/4
  1215 | D:3      | Noticed Sigmund
  1350 | D:3      | Found an ancient bone altar of Kikubaaqudgha.
  1424 | D:4      | Found a shimmering blue altar of Sif Muna.
  1523 | D:4      | Found a glowing drain.
  1542 | Sewer    | Entered a sewer
  1694 | Sewer    | Reached skill level 4 in Unarmed Combat
  1837 | Sewer    | Reached XP level 6. HP: 39/57 MP: 5/5
  1841 | Sewer    | Reached skill level 5 in Unarmed Combat
  1848 | Sewer    | Identified the +5 shortbow of Delightful Duty {freeze, rF++
                  | rN+ Str+2}
  1901 | D:5      | Entered Level 5 of the Dungeon
  1901 | D:5      | Found Zin's Purification Station.
  1901 | D:5      | Found a glowing silver altar of Zin.
  2120 | D:4      | Found Renak's Armour Shoppe.
  2128 | D:4      | Bought a +2 hat of stealth for 210 gold pieces
  2254 | D:4      | Reached XP level 7. HP: 66/66 MP: 6/6
  2517 | D:3      | Reached skill level 6 in Unarmed Combat
  2747 | D:3      | Killed Sigmund
  3134 | D:5      | Reached skill level 1 in Shields
  3134 | D:5      | Reached skill level 7 in Unarmed Combat
  3307 | D:5      | Found a hazy altar of Hepliaklqana.
  3326 | D:5      | Reached XP level 8. HP: 58/74 MP: 7/7
  3668 | D:5      | Reached skill level 8 in Unarmed Combat
  3913 | D:6      | Found Emaemiusa's Antique Armour Boutique.
  4002 | D:6      | Found a shimmering altar of Xom.
  4097 | D:6      | Found Wemeown's Assorted Antiques.
  4104 | D:6      | Bought 2 brown potions for 46 gold pieces
  4119 | D:6      | Reached skill level 9 in Unarmed Combat
  4171 | D:6      | Found Fiesueff's Magic Scroll Shoppe.
  4172 | D:6      | Found a white marble altar of Elyvilon.
  4179 | D:6      | Bought a scroll of identify for 26 gold pieces
  4307 | D:6      | Found a staircase to the Ecumenical Temple.
  4316 | Temple   | Entered the Ecumenical Temple
  4471 | Temple   | Became a worshipper of Makhleb the Destroyer
  4568 | D:6      | Found Nefuskua's Jewellery Shoppe.
  4930 | D:7      | Reached XP level 9. HP: 62/83 MP: 8/8
  5079 | D:7      | Reached skill level 10 in Unarmed Combat
  5287 | D:7      | You fall into a shaft and drop 3 floors!
  5287 | D:10     | Entered Level 10 of the Dungeon
  5418 | D:9      | Noticed Maurice
  5482 | D:9      | Killed Maurice
  5642 | D:9      | Reached skill level 11 in Unarmed Combat
  5681 | D:8      | Found Hehytad's Distillery.
  5748 | D:8      | Noticed a komodo dragon
  5766 | D:8      | Killed a komodo dragon
  5784 | D:8      | Found a staircase to the Lair.
  5790 | D:8      | Reached * piety under Makhleb
  6056 | D:8      | Found a sparkling altar of Nemelex Xobeh.
  6214 | D:8      | Found a large runed translucent door.
  6214 | D:8      | Found a large runed translucent door.
  6456 | D:7      | Reached skill level 12 in Unarmed Combat
  6456 | D:7      | Reached XP level 10. HP: 84/94 MP: 9/9
  7012 | D:8      | Found a large runed translucent door.
  7012 | D:8      | Found a large runed translucent door.
  7013 | D:8      | Found the +8 autumn katana {manifold assault}
  7014 | D:8      | Noticed a centaur warrior
  7130 | D:8      | Identified the staff of cold "Vinlaad" {rC+ rCorr Str+4
                  | Int+2 SInv}
  7519 | D:9      | Found an ornate altar of the Wu Jian Council.
  7770 | D:9      | Reached ** piety under Makhleb
  8171 | D:10     | Reached skill level 5 in Dodging
  8171 | D:10     | Reached skill level 13 in Unarmed Combat
  8421 | D:10     | Noticed a gargoyle
  8485 | D:10     | Killed a gargoyle
  8486 | D:10     | Reached skill level 5 in Fighting
  8526 | D:10     | Found an opulent altar of Gozag.
  8649 | D:11     | Found a staircase to the Orcish Mines.
  8658 | D:11     | Noticed a manticore
  8670 | D:11     | Killed a manticore
  8671 | D:11     | Reached skill level 14 in Unarmed Combat
  8699 | D:11     | Noticed a cyclops
  8783 | Lair:1   | Entered Level 1 of the Lair of Beasts
  8804 | D:8      | Reached XP level 11. HP: 100/102 MP: 10/10
  9447 | Lair:2   | Found a staircase to the Snake Pit.
  9478 | Lair:2   | Reached skill level 1 in Stealth
  9964 | Lair:2   | Reached *** piety under Makhleb
 10141 | Lair:2   | Found a dark tunnel.
 10155 | Volcano  | Entered a volcano
 10192 | Volcano  | Noticed a sun demon
 10208 | Volcano  | Killed a sun demon
 10332 | Volcano  | Noticed a sun demon
 10347 | Volcano  | Killed a sun demon
 10421 | Volcano  | Noticed a sun demon
 10454 | Volcano  | Killed a sun demon
 10465 | Volcano  | Noticed a sun demon
 10474 | Volcano  | Slain by a sun demon

Illustrated notes

Levels and vault maps discovered:
D:1:      dpeg_arrival_rhombus, layout_rooms, serial_corexii_hall,
          corexii_hall_statues_u, chequers_hall_statues_wall_a,
          nicolae_ecumenical_snake_handling
D:2:      layout_basic, serial_aquarium, aquarium_bridge_long_joined
          [aquarium_subvault_bridge, aquarium_subvault_wall,
          aquarium_subvault_bridge, aquarium_subvault_wall,
          aquarium_subvault_bridge, aquarium_subvault_balcony],
          aquarium_window_fake, aquarium_window_1, aquarium_view_2b,
          aquarium_pool_four, minmay_pentomino_v4
D:3:      layout_basic, kiku_gazebo_pond_becter, uniq_sigmund
D:4:      layout_gridville, lemuel_doored_altar, serial_shops, shop,
          cheibrodos_sewer_entry_drain
D:5:      layout_loops_ring, mainiacjoe_overflow_paths, zin_purify,
          minmay_crystal_water
D:6:      layout_basic, mainiacjoe_overflow_tiny_flanked, xom_confusion_cloud,
          lemuel_temple_firewalk_b, serial_shops, shop, shop,
          nicolae_shop_behind_doors, nicolae_shop_rolling_square
D:7:      layout_loops_corners, st_stairs_14
D:8:      layout_loops_corners, nicolae_overflow_crystal_walls,
          lemuel_coloured_pillars_altar, david_lair_shrubbed, serial_shops,
          shop, chequers_serial_rivers_small_a, minmay_hollow_rounded_squares
D:9:      layout_rooms, pdpol_wu_jian_five_deadly_venoms, nicolae_eternal_life,
          nicolae_looking_at_the_future, uniq_maurice
D:10:     layout_loops_ring, nicolae_gozag_cash_rules_everything_around_me,
          dreamdust_princess_corridor
D:11:     layout_rooms, david_orc_2
Temple:   hellmonk_temple_flake
Lair:1:   layout_hall_layers
Lair:2:   layout_cellular_growth, guppyfry_snake_entry_island,
          nicolae_volcano_entry_batcave
Volcano:  hellmonk_smoking_crater

Skill      XL: |  1  2  3  4  5  6  7  8  9 10 11 |
---------------+----------------------------------+-----
Dodging        | 2 3 4 5 6 |  6.3
Fighting       | 1 2 3 4 5 7 |  7.2
Unarmed Combat | 1 2 3 4 5 7 9 12 14 | 14.6
Shields        | 1 2 |  2.7
Stealth        | 2 |  2.5
Throwing       | |  0.5
Evocations     | |  2.1

Action                     |  1- 3 |  4- 6 |  7- 9 | 10-12 || total
---------------------------+-------+-------+-------+-------++-------
  Melee: Unarmed           |    92 |   230 |   313 |   326 ||   961
         Punch             |       |     1 |    14 |    23 ||    38
  Throw: Dart              |       |       |     4 |     5 ||     9
  Evoke: Wand              |       |       |       |     3 ||     3
    Use: Scroll            |       |     6 |     3 |     2 ||    11
         Potion            |       |       |       |     3 ||     3
   Stab: Sleeping          |       |     1 |     5 |     3 ||     9
         Distracted        |       |       |     2 |       ||     2
 Armour: Robe              |    37 |    57 |    74 |    40 ||   208
         Troll leather arm |       |       |       |    39 ||    39
  Dodge: Dodged            |    44 |    91 |   111 |   118 ||   364
  Block: Other             |       |    38 |    40 |    57 ||   135
         Reflection        |       |       |     4 |     1 ||     5
